 Dungeon Crawl Stone Soup version 0.28-a0-268-g3f656e82c2 (webtiles) character file.

Game seed: 5242489053212608139

45 Malachi the Insei (level 3, 0/26 HPs)
             Began as a Demonspawn Transmuter on Aug 28, 2021.
             Slain by an iron imp (5 damage)
             ... summoned by Natasha
             ... on level 2 of the Dungeon.
             The game lasted 00:01:42 (1585 turns).

Malachi the Insei (Demonspawn Transmuter)           Turns: 1585, Time: 00:01:42

Health: 0/26       AC:  2    Str: 10    XL:     3   Next: 42%
Magic:  6/6        EV: 12    Int: 15    God:
Gold:   42         SH:  0    Dex: 13    Spells: 2/6 levels left

rFire   . . .      SeeInvis .     - Unarmed
rCold   . . .      Faith    .   (no shield)
rNeg    . . .      Spirit   .   a - +0 robe
rPois   .          Reflect  +   (no helmet)
rElec   .          Harm     .   (no cloak)
rCorr   .          Rampage  .   (no gloves)
Will    .....                   (no boots)
Stlth   +.........              b - amulet of reflection
HPRegen 0.08/turn               (no ring)
MPRegen 0.10/turn               (no ring)

@: confused, ambrosia-drunk
A: ignite blood 1
a: no special abilities


You were on level 2 of the Dungeon.
You visited 1 branch of the dungeon, and saw 2 of its levels.

You collected 42 gold pieces.

Inventory:

Armour
 a - a +0 robe (worn)
 e - a +0 pair of gloves
Jewellery
 b - an amulet of reflection (around neck)
Scrolls
 c - a scroll of vulnerability {unknown}
Potions
 d - a potion of ambrosia


   Skills:
 - Level 1.0 Fighting
 - Level 1.7 Dodging
 * Level 3.2 Unarmed Combat
 - Level 2.0 Spellcasting
 * Level 2.4 Transmutations
 * Level 1.6 Poison Magic


You had 2 spell levels left.
You knew the following spells:

 Your Spells              Type           Power      Damage    Failure   Level
a - Beastly Appendage     Tmut           16%        N/A       9%          1
b - Spider Form           Tmut/Pois      3%         N/A       28%         3

Your spell library contained the following spells:

 Spells                   Type           Power      Damage    Failure   Level
 Wereblood                Tmut           8%         N/A       12%         2
 Ice Form                 Ice/Tmut       5%         N/A       80%         4


Dungeon Overview and Level Annotations

Branches:
Dungeon (2/15)

Altars:

Shops:
D:1 *

Annotations:
D:2 Natasha


Innate Abilities, Weirdness & Mutations

Your demonic aura sometimes causes spilled blood to erupt in flames.


Message History

Natasha closely misses you.
You closely miss Natasha.
Natasha is almost dead.
Your horns disappear.
Your talons disappear.
The iron imp hits you! Natasha closely misses you.
You hit Natasha but do no damage.
Natasha is almost dead.
Natasha drinks a potion.
Natasha is healed!
You block the iron imp's attack.
You hit Natasha.
Natasha is heavily wounded.
Natasha stares at you and mumbles some strange words.
You resist with significant effort.
You hit Natasha.
Natasha is severely wounded.
The iron imp hits you.
Natasha stares at you and mumbles some strange words.
The magic dart hits you!
* * * LOW HITPOINT WARNING * * *
You are too injured to fight recklessly!
You are too injured to fight recklessly!
You are too injured to fight recklessly!
You are too injured to fight recklessly!
You are too injured to fight recklessly!
You are too injured to fight recklessly!
You are too injured to fight recklessly!
You are too injured to fight recklessly!
You are too injured to fight recklessly!
You are too injured to fight recklessly!
You are too injured to fight recklessly!
You are too injured to fight recklessly!
You are too injured to fight recklessly!
You are too injured to fight recklessly!
You are too injured to fight recklessly!
Unknown command.
It was a potion of ambrosia.
You are confused.
You feel invigorated. The iron imp closely misses you. Natasha claws you.
* * * LOW HITPOINT WARNING * * *
The iron imp hits you.
You die...

.....#... .#...
.#.#..... .... #
....#.#. #.###.# .#.#.#
..#..... ####..##.#
#######.....# #.....#.
.......#.# #.........#..
..#.#... .......#.#
#............ #......†
.......#.# #....5h...#.#
........ .........#
#....@....... #.#.....
.........###...........#
........
........>..........#+...
........
.......#######.........#
#.#####. ###'####
#......... . ## #.#
####..........
#.#######.............
#.##
#..............#######
#.#. ######.##......#
#.#.


You could see an iron imp (summoned) and Natasha.

Vanquished Creatures
  5 ball pythons (D:1)
  5 bats
  5 endoplasms
  7 goblins
  6 hobgoblins
  2 kobolds
  3 quokkas
  2 frilled lizards (D:1)
  4 rats
39 creatures vanquished.

Vanquished Creatures (others)
  3 plants (D:2)
3 creatures vanquished.

Grand Total: 42 creatures vanquished

Notes
Turn   | Place    | Note
-------+----------+-------------------------------------------
     0 | D:1      | Malachi the Demonspawn Transmuter began the quest for the
                  | Orb.
     0 | D:1      | Reached XP level 1. HP: 15/15 MP: 3/3
    10 | D:1      | Found Jeaf's General Store.
   394 | D:1      | Gained mutation: Your demonic aura sometimes causes spilled
                  | blood to erupt in flames. [demonic ancestry]
   394 | D:1      | Reached XP level 2. HP: 21/21 MP: 3/5
   406 | D:1      | Reached skill level 1 in Poison Magic
   411 | D:1      | Reached skill level 3 in Unarmed Combat
   683 | D:1      | You fall into a shaft and drop 1 floor!
   718 | D:2      | Reached XP level 3. HP: 26/26 MP: 4/6
   722 | D:2      | Learned a level 3 spell: Spider Form
  1568 | D:2      | Noticed Natasha
  1583 | D:2      | HP: 1/26 [Natasha/magic dart (8)]
  1585 | D:2      | Slain by an iron imp

Illustrated notes

Levels and vault maps discovered:
D:1:      scummos_arrival_hexagon, layout_loops_cross, serial_shops, shop
D:2:      layout_basic, serial_shops, nicolae_shop_window_shopping,
          chequers_big_river, hangedman_decor_points, uniq_natasha

Skill      XL: |  1  2 |
---------------+-------+-----
Transmutations | 2 |  2.4
Poison Magic   | 1 |  1.6
Unarmed Combat | 3 |  3.2
Fighting       | |  1.0
Dodging        | |  1.7
Spellcasting   | |  2.0

Action                   || total
-------------------------++-------
Melee: Unarmed           ||   109
       Kick              ||    19
       Headbutt          ||    11
 Cast: Beastly Appendage ||    17
  Use: Potion            ||     1
 Stab: Sleeping          ||     1
Armor: Robe              ||    16
Dodge: Dodged            ||    57
Block: Other             ||    18

Table legend: (Time is in decaauts)
 A = Elapsed time spent in this place.
 B = Non-inter-level travel time spent in this place.
 C = Inter-level travel time spent in this place.
 D = Time resting spent in this place.
 E = Time spent auto-exploring this place.
 F = Levels seen in this place.
 G = Mean time per level.
                   A        B        C        D        E       F      G
               +--------+--------+--------+--------+--------+-----+--------+
         Total |   1579 |   1529 |     50 |    172 |   1119 |   2 |  789.5 |
       Dungeon |   1579 |   1529 |     50 |    172 |   1119 |   2 |  789.5 |
               +--------+--------+--------+--------+--------+-----+--------+

Top non-repeatable levels by time:
     D:1: 1203 daAuts
     D:2: 376 daAuts
